 Dungeon Crawl Stone Soup version 0.32-a0-986-ga09f62fbf4 (webtiles) character file.

Game seed: 5029529142867600988

8391 GiantSquids the Marksgoblin (level 11, -6/72 HPs)
             Began as a Coglin Hunter on Apr 21, 2024.
             Was an Initiate of Gozag.
             Shot with an arrow by a centaur warrior (19 damage)
             ... on level 8 of the Dungeon.
             The game lasted 00:24:34 (7631 turns).

GiantSquids the Marksgoblin (Coglin Hunter)         Turns: 7631, Time: 00:24:34

Health: -6/72      AC: 13    Str: 11    XL:     11   Next: 30%
Magic:  11/11      EV: 11    Int:  9    God:    Gozag
Gold:   793        SH:  0    Dex: 22    Spells: 10/10 levels left

rFire   + . .        a - +2 sling {Koruri}
rCold   + . .        d - +0 sling {Nari}
rNeg    + . .        y - +4 Cigotuvi's embrace {Corpsefed rMiasma ^Drain rN+}
rPois   .            l - +2 helmet
rElec   .            F - scarf {rC+ rF+}
rCorr   .            (no gloves)
SInv    .            q - +2 pair of boots
Will    .....        (amulet unavailable)
Stlth   ++           (ring unavailable)
HPRegen 0.32/turn    (ring unavailable)
MPRegen 0.12/turn    (no gizmo)

%: no passive effects
@: revved
A: off-hand wielding, slow wielding, warmup strikes, no jewellery
a: Invent Gizmo, Renounce Religion, Potion Petition, Call Merchant, Bribe Branch


You were on level 8 of the Dungeon.
You worshipped Gozag.
Gozag was pleased with you.
You visited 1 branch of the dungeon, and saw 8 of its levels.

You collected 1822 gold pieces.
You paid 1029 gold pieces to Gozag.

Inventory:

Hand Weapons
 a - a +2 sling (weapon) {Koruri}
 d - a +0 sling (offhand) {Nari}
Missiles
 G - 14 throwing nets
Armour
 l - a +2 helmet (worn)
 q - a +2 pair of boots (worn)
 y - the +4 Cigotuvi's embrace (worn) {Corpsefed rMiasma ^Drain rN+}
   (You found it on level 6 of the Dungeon)

   Corpsefed: It gathers nearby corpses to temporarily increase the armour it
   provides.
   rMiasma:   It protects you from foul pestilence.
   rN+:       It protects you from negative energy.
   ^Drain:    It drains your maximum health when unequipped.
 F - a scarf of resistance (worn)
 H - a +0 pair of boots of flying
Talismans
 D - a beast talisman
Wands
 n - a wand of acid (19)
 C - a wand of iceblast (7)
Scrolls
 b - a scroll of butterflies
 e - 6 scrolls of teleportation
 i - 3 scrolls of amnesia
 j - 4 scrolls of revelation
 w - 3 scrolls of enchant armour
 E - a scroll of immolation
Potions
 f - 2 potions of might
 g - 4 potions of magic {unknown}
 h - 3 potions of enlightenment
 k - 4 potions of curing
 o - 2 potions of attraction {unknown}
 p - a potion of brilliance {unknown}
 s - a potion of resistance {unknown}
 t - 4 potions of heal wounds {unknown}
 u - 3 potions of berserk rage
 x - 3 potions of mutation {unknown}
 z - a potion of degeneration {unknown}
 A - a potion of haste {unknown}
 B - a potion of lignification {unknown}
 J - a potion of cancellation {unknown}


   Skills:
 - Level 2.0 Fighting
 + Level 15.9 Ranged Weapons
 - Level 1.7 Dodging
 - Level 0.7 Stealth


You had 10 spell levels left.
You didn't know any spells.
Your spell library contained the following spells:

 Spells                   Type           Power      Damage    Failure   Level
 Apportation              Tloc           0%         N/A       47%         1
 Jinxbite                 Hex            0%         N/A       63%         2
 Lesser Beckoning         Tloc           0%         N/A       63%         2
 Maxwell's Portable Pile  Tloc           0%         2d(5-13)  85%         3
 Sigil of Binding         Hex            0%         N/A       85%         3
 Teleport Other           Tloc           0%         N/A       85%         3
 Tukima's Dance           Hex            0%         N/A       85%         3
 Volatile Blastmotes      Fire/Tloc      0%         2d10      85%         3
 Anguish                  Hex/Necr       0%         N/A       99%         4
 Cause Fear               Hex            0%         N/A       99%         4
 Dimensional Bullseye     Hex/Tloc       0%         N/A       99%         4
 Iskenderun's Mystic Bla Conj/Tloc 0%             2d3        (+2d1     99%         4
 Passage of Golubria      Tloc           0%         N/A       99%         4
 Vhi's Electric Charge    Tloc/Air       0%         N/A       99%         4
 Alistair's Intoxication  Alch           0%         N/A       100%        5
 Yara's Violent Unravell  Hex/Alch       0%         3d3       100%        5
 Dispersal                Tloc           0%         N/A       100%        6
 Gell's Gavotte           Tloc           0%         2d(11-16) 100%        6
 Enfeeble                 Hex            0%         N/A       100%        7


Dungeon Overview and Level Annotations

Branches:
Dungeon (8/15)             Temple (0/1) D:7            Lair (0/5) D:8

Altars:
Dithmenos
Fedhas
Gozag

Shops:
D:7 [

Annotations:
D:6 1 runed translucent door


Innate Abilities, Weirdness & Mutations

You can wield a second weapon in your off-hand.
It takes a long time for you to wield or remove held weapons.
Your first few attacks do less damage.
You cannot equip rings or amulets.


Message History

The centaur warrior is lightly wounded.
You shoot a sling bullet.
The sling bullet hits the centaur warrior but does no damage.
The centaur warrior is lightly wounded.
The centaur warrior shoots an arrow.
The arrow hits you!
You shoot a sling bullet.
The sling bullet hits the centaur warrior.
The centaur warrior is lightly wounded.
You shoot a sling bullet.
The sling bullet hits the centaur warrior but does no damage.
The centaur warrior is lightly wounded.
The centaur warrior shoots an arrow.
The arrow hits you!!
You shoot a sling bullet.
The sling bullet hits the centaur warrior but does no damage.
The centaur warrior is lightly wounded.
You shoot a sling bullet.
The sling bullet hits the centaur warrior but does no damage.
The centaur warrior is lightly wounded.
You shoot a sling bullet.
The sling bullet hits the centaur warrior.
The centaur warrior is lightly wounded.
You shoot a sling bullet.
The sling bullet barely misses the centaur warrior.
You shoot a sling bullet.
The sling bullet hits the centaur warrior.
The centaur warrior is lightly wounded.
You shoot a sling bullet.
The sling bullet hits the centaur warrior.
The centaur warrior is moderately wounded.
The centaur warrior shoots an arrow.
The arrow hits you!!
* * * LOW HITPOINT WARNING * * *
You shoot a sling bullet.
The sling bullet hits the centaur warrior.
The centaur warrior is moderately wounded.
You shoot a sling bullet.
The sling bullet hits the centaur warrior.
The centaur warrior is moderately wounded.
The centaur warrior shoots an arrow.
The arrow hits you!!
You die...
Your body crumbles into a pile of gold.

## ... ...# ...######..#
.......[#..#
.....)..#..# #
........#..# ##
....[...#..# ###.
....c..@#..##########...
..........)...)[)..)))).
...........[.#########).
....$.....##.#### ##..
..........##....# #...
...######.#####.### #...
... #.........##.... ##
#.######........ #.#
#.#####..


You could see a centaur warrior.

Vanquished Creatures
  A centaur warrior (D:8)
  2 ugly things (D:8)
  The ghost of hgbash the Trooper, a novice DjSh of Hepliaklqana (D:6)
  A manticore (D:8)
  Maggie (D:7)
  A komodo dragon (D:8)
  A tengu conjurer (D:8)
  A troll (D:8)
  A yak (D:8)
  A basilisk (D:8)
  A steam dragon (D:6)
  Menkaure (D:7)
  An acid dragon (D:8)
  2 water moccasins (D:6)
  6 black bears
  2 sky beasts (D:7)
  Duvessa (D:7)
  4 ogres
  A centaur (D:7)
  2 phantoms
  5 bullfrogs
  A kobold brigand (D:8)
  4 scorpions
  4 gnoll sergeants (D:7)
  20 wights
  Dowan (D:7)
  4 killer bees (D:8)
  2 howler monkeys
  2 bombardier beetles
  3 hounds
  3 gnoll boudas (D:7)
  2 orc priests
  A sleepcap (D:5)
  3 iguanas
  An orc wizard (D:7)
  25 gnolls (D:7)
  11 adders
  2 river rats (D:6)
  A white imp (D:8)
  2 ufetubi (D:5)
  A dart slug (D:1)
  17 orcs
  6 ball pythons
  11 endoplasms
  4 giant cockroaches
  10 goblins
  11 hobgoblins
  13 jackals
  14 kobolds
  3 quokkas
  4 bats
  4 frilled lizards
  2 rats
229 creatures vanquished.

Vanquished Creatures (others)
  An unseen horror (D:8)
1 creature vanquished.

Grand Total: 230 creatures vanquished

Notes
Turn   | Place    | Note
-------+----------+-------------------------------------------
     0 | D:1      | GiantSquids the Coglin Hunter began the quest for the Orb.
     0 | D:1      | Reached XP level 1. HP: 16/16 MP: 1/1
   258 | D:1      | Reached skill level 4 in Ranged Weapons
   258 | D:1      | Reached XP level 2. HP: 22/22 MP: 2/2
   529 | D:1      | Reached XP level 3. HP: 27/27 MP: 3/3
   907 | D:2      | Found an opulent altar of Gozag.
  1068 | D:2      | Became a worshipper of Gozag Ym Sagoz the Greedy
  1165 | D:2      | Reached skill level 5 in Ranged Weapons
  1165 | D:2      | Reached XP level 4. HP: 33/33 MP: 4/4
  1774 | D:3      | Reached XP level 5. HP: 38/38 MP: 5/5
  2604 | D:4      | Noticed a phantom
  2642 | D:4      | Reached skill level 6 in Ranged Weapons
  2830 | D:4      | Killed a phantom
  2831 | D:4      | Reached XP level 6. HP: 41/44 MP: 6/6
  2978 | D:4      | Noticed a black bear
  2989 | D:4      | Killed a black bear
  2990 | D:4      | Reached skill level 7 in Ranged Weapons
  3080 | D:4      | Reached XP level 7. HP: 50/50 MP: 7/7
  3231 | D:4      | Found a blossoming altar of Fedhas.
  3325 | D:5      | Entered Level 5 of the Dungeon
  3564 | D:5      | Reached skill level 8 in Ranged Weapons
  4255 | D:6      | Reached skill level 9 in Ranged Weapons
  4255 | D:6      | Reached XP level 8. HP: 56/56 MP: 8/8
  4298 | D:6      | Found the +4 Cigotuvi's embrace {Corpsefed rMiasma ^Drain
                  | rN+}
  4339 | D:6      | Found a runed translucent door.
  4341 | D:6      | Noticed hgbash's ghost (novice DjSh)
  4395 | D:6      | Found a shadowy altar of Dithmenos.
  4492 | D:6      | Found a runed translucent door.
  4586 | D:6      | Reached skill level 10 in Ranged Weapons
  5028 | D:6      | Reached XP level 9. HP: 61/61 MP: 9/9
  5033 | D:6      | Reached skill level 11 in Ranged Weapons
  5227 | D:6      | Killed hgbash's ghost
  5458 | D:7      | Reached skill level 12 in Ranged Weapons
  5616 | D:7      | Noticed Dowan
  5620 | D:7      | Noticed Duvessa
  5622 | D:7      | Killed Dowan
  5628 | D:7      | Killed Duvessa
  5785 | D:7      | Noticed Menkaure
  5788 | D:7      | Found a staircase to the Ecumenical Temple.
  5824 | D:7      | Killed Menkaure
  5949 | D:7      | Reached skill level 13 in Ranged Weapons
  5949 | D:7      | Reached XP level 10. HP: 67/67 MP: 10/10
  6601 | D:7      | Noticed Maggie
  6616 | D:7      | Killed Maggie
  6654 | D:7      | Found Leggeo Duca's Antique Armour Shoppe.
  6765 | D:8      | Identified the orb of the Invisible Hand {light, Regen+
                  | rCorr Dex-3 SInv}
  6790 | D:8      | Noticed a manticore
  6799 | D:8      | Killed a manticore
  6800 | D:8      | Reached skill level 14 in Ranged Weapons
  6801 | D:8      | Killed an unseen horror
  6832 | D:8      | Identified the +8 mace of the Warrior {spect, rF- rCorr
                  | Str+2 SInv}
  6893 | D:8      | Noticed a cyan ugly thing
  6900 | D:8      | Noticed a white ugly thing
  6907 | D:8      | Killed a cyan ugly thing
  6909 | D:8      | Noticed a cyclops
  6920 | D:8      | Killed a white ugly thing
  6921 | D:8      | HP: 1/67 [wight/+4 long sword (3)]
  6928 | D:8      | Found a staircase to the Lair.
  6945 | D:8      | Reached skill level 15 in Ranged Weapons
  7009 | D:8      | Reached XP level 11. HP: 43/72 MP: 11/11
  7478 | D:8      | Noticed a centaur warrior
  7488 | D:8      | Killed a centaur warrior
  7623 | D:8      | Identified the +2 scimitar of the Establishment {freeze,
                  | Dex+4}
  7623 | D:8      | Noticed a centaur warrior
  7631 | D:8      | Shot with an arrow by a centaur warrior

Illustrated notes

Levels and vault maps discovered:
D:1:      spicycebolla_arrival_clurvy, layout_basic
D:2:      layout_basic, basic_altar
D:3:      layout_basic, small_statue_intersection
D:4:      layout_cave_pools, lemuel_coloured_pillars_altar,
          minmay_misc_feat_diagonals
D:5:      layout_gridville
D:6:      layout_basic, nicolae_dithmenos_through_a_glass_darkly,
          ebering_ghost_sewer_f
D:7:      layout_cave_pools, minmay_temple_entry_poolview, serial_gnoll_camp,
          gnoll_camp_mini_hut, gnoll_camp_medium_02, gnoll_camp_huts_moat,
          gnoll_camp_mini_hut, gnoll_camp_mini_shop, uniq_maggie, uniq_duvessa,
          uniq_menkaure
D:8:      minmay_cut_squares, layout_rooms, mainiacjoe_overflow_24_doors,
          grunt_lair_entry_orc_guard_hut, hangedman_ranch

Skill      XL: |  1  2  3  4  5  6  7  8  9 10 |
---------------+-------------------------------+-----
Ranged Weapons | 4 5 6 7 9 10 13 15 | 15.9
Fighting       | |  2.0
Dodging        | |  1.7
Stealth        | |  0.7

Action                     |  1- 3 |  4- 6 |  7- 9 | 10-12 || total
---------------------------+-------+-------+-------+-------++-------
  Melee: Sling             |       |       |       |    18 ||    18
   Fire: Sling             |   136 |   254 |   586 |   682 ||  1658
 Invoke: Potion Petition   |       |       |       |     2 ||     2
    Use: Scroll            |       |       |     9 |     7 ||    16
 Armour: Leather armour    |     6 |    32 |    45 |    89 ||   172
  Dodge: Dodged            |    12 |    24 |    42 |    56 ||   134
         Form:             |       |       |       |     1 ||     1
         Beast             |       |       |       |     1 ||     1

Table legend: (Time is in decaauts)
 A = Elapsed time spent in this place.
 B = Non-inter-level travel time spent in this place.
 C = Inter-level travel time spent in this place.
 D = Time resting spent in this place.
 E = Time spent auto-exploring this place.
 F = Levels seen in this place.
 G = Mean time per level.
                   A        B        C        D        E       F      G
               +--------+--------+--------+--------+--------+-----+--------+
         Total |   7566 |   7385 |    181 |    268 |   5724 |   8 |  945.8 |
       Dungeon |   7566 |   7385 |    181 |    268 |   5724 |   8 |  945.8 |
               +--------+--------+--------+--------+--------+-----+--------+

Top non-repeatable levels by time:
     D:7: 1271 daAuts
     D:6: 1173 daAuts
     D:3: 1044 daAuts
     D:5: 940 daAuts
     D:2: 840 daAuts
     D:8: 822 daAuts
     D:1: 772 daAuts
     D:4: 702 daAuts
